 Dungeon Crawl Stone Soup version 0.30.1-11-g7821555f0a (webtiles) character file.

Game seed: 4436007765797719276

11615 Nonny the Nimble (level 11, -15/86 HPs)
             Began as a Merfolk Gladiator on Dec 2, 2023.
             Was a High Priest of Zin.
             Demolished by a frost giant
             ... wielding a +1 battleaxe of freezing
              (32 damage)
             ... in an ice cave.
             The game lasted 00:42:00 (10819 turns).

Nonny the Nimble (Merfolk Gladiator)               Turns: 10819, Time: 00:42:01

Health: -15/86     AC: 10    Str: 15    XL:     11   Next: 80%
Magic:  18/18      EV: 27    Int:  7    God:    Zin [*****.]
Gold:   677        SH:  8    Dex: 20    Spells: 10/10 levels left

rFire   + + .        a - +0 rapier (venom)
rCold   + . .        g - +3 buckler {rN+}
rNeg    + . .        j - +1 robe {rC+ rF+}
rPois   .            c - +0 helmet
rElec   .            (no cloak)
rCorr   .            p - +1 pair of gloves
SInv    .            o - melded +0 pair of boots
Will    .....        k - amulet of magic regeneration
Stlth   ++++         b - +4 ring of protection
HPRegen 0.34/turn    y - ring of protection from fire
MPRegen 0.56/turn

%: no passive effects
@: studying Ice Magic, very quick
A: nimble swimmer 2, mertail
a: Renounce Religion, Recite, Vitalisation, Imprison, Sanctuary, Donate Gold


You were in an ice cave.
You worshipped Zin.
Zin was extremely pleased with you.
You visited 4 branches of the dungeon, and saw 12 of its levels.
You also visited: Ice Cave.

You collected 752 gold pieces.
You donated 75 gold pieces to Zin.

Inventory:

Hand Weapons
 a - a +0 rapier of venom (weapon)
 e - the +6 dagger of the Lusting Vulture {freeze, Dex+2 Stlth+}
   (You found it on level 2 of the Dungeon)

   Dex:       It affects your dexterity (+2).
   Stlth:     It makes you more stealthy.
 l - a +2 triple sword of freezing
 P - a +2 dagger of electrocution
Missiles
 h - 106 stones (quivered)
 u - 42 poisoned darts
 w - 6 javelins
Armour
 c - a +0 helmet (worn)
 f - a +0 robe of willpower
 g - a +3 buckler of positive energy (worn)
 j - a +1 robe of resistance (worn)
 o - a +0 pair of boots (melded)
 p - a +1 pair of gloves (worn)
Jewellery
 b - a +4 ring of protection (left hand)
 k - an amulet of magic regeneration (around neck)
 m - a ring of flight
 y - a ring of protection from fire (right hand)
 D - a ring of positive energy
 G - a ring of positive energy
 J - a ring of positive energy
Wands
 q - a wand of paralysis (19)
 v - a wand of flame (25)
 A - a wand of iceblast (23)
Scrolls
 t - a scroll of blinking
 B - 3 scrolls of noise
 K - a scroll of identify
 L - 2 scrolls of teleportation
Potions
 d - a potion of magic
 i - 5 potions of curing
 n - 4 potions of flight
 r - 2 potions of attraction
 s - a potion of brilliance
 x - a potion of mutation
 O - a potion of resistance


   Skills:
 + Level 8.3 Fighting
 - Level 11.0 Short Blades
 - Level 2.0 Throwing
 + Level 13.8 Dodging
 - Level 3.0 Stealth
 - Level 3.0 Shields
 + Level 10.4 Invocations


You had 10 spell levels left.
You didn't know any spells.
Your spell library contained the following spells:

 Spells                   Type           Power      Damage    Failure   Level
 Apportation              Tloc           0%         N/A       52%         1
 Sandblast                Erth           0%         2d4       52%         1
 Passwall                 Tmut/Erth      0%         N/A       67%         2
 Stone Arrow              Conj/Erth      0%         3d7       88%         3
 Petrify                  Tmut/Erth      0%         N/A       99%         4
 Alistair's Intoxication  Tmut/Pois      0%         N/A       100%        5
 Metabolic Englaciation   Hex/Ice        0%         N/A       100%        5
 Statue Form              Tmut/Erth      0%         N/A       100%        6


Dungeon Overview and Level Annotations

Branches:
Dungeon (9/15)             Temple (1/1) D:4            Lair (1/5) D:8
    Orc (1/2) D:9           IceCv (1/1)

Altars:
Cheibriados
Elyvilon
Fedhas
Gozag
Hepliaklqana
Makhleb
Nemelex Xobeh
Okawaru
Qazlal
Ru
Sif Muna
Trog
Uskayaw
Vehumet
Wu Jian
Xom
Yredelemnul
Zin
The Shining One

Shops:
D:2 :   D:6 =

Annotations:
D:5 1 runed translucent door, Okkudo's ghost, novice HOMo
Lair:1 Fannar


Innate Abilities, Weirdness & Mutations

You are very nimble when in or above water. (Stealth+, EV+, Speed+++)
Your lower body shifts to a powerful aquatic tail in water.


Message History

You tail-slap the frost giant, but do no damage.
The frost giant is lightly wounded.
The frost giant is engulfed in a cloud of scalding steam.
You block the frost giant's attack.
You hit the frost giant but do no damage.
The frost giant looks as sick as possible!
You tail-slap the frost giant, but do no damage.
The frost giant is lightly wounded.
The frost giant is engulfed in a cloud of scalding steam.
The frost giant gestures at you while chanting.
The bolt of cold hits you!! You resist.
Aiming: Throw Flame
Press: ? - help, Shift-Dir - straight line, f/p - frost giant
Aim: a frost giant, wielding a +1 battleaxe of freezing (water, lightly wounded, extremely poisoned, 97% to hit)
The puff of flame misses the frost giant.
You are engulfed in freezing vapours.
You resist. The frost giant casts a spell at you. The bolt of cold misses you.
Unknown command.
Aiming: Throw Flame
Press: ? - help, Shift-Dir - straight line, f - polar bear, p - frost giant
Aim: a polar bear (water, heavily wounded, very poisoned, 77% to hit)
The puff of flame hits the polar bear.
The polar bear is heavily wounded.
The frost giant is engulfed in a cloud of scalding steam.
The polar bear is engulfed in a cloud of scalding steam.
You puncture the polar bear!
The polar bear looks as sick as possible!
You tail-slap the polar bear, but do no damage.
The polar bear is almost dead.
You kill the polar bear!
The frost giant is engulfed in a cloud of scalding steam.
The frost giant hits you with a +1 battleaxe of freezing!!
* * * LOW HITPOINT WARNING * * *
The frost giant freezes you!
* * * LOW HITPOINT WARNING * * *
Okay, then.
The frost giant is engulfed in a cloud of scalding steam.
The frost giant hits you with a +1 battleaxe of freezing!!
You die...

. ## #. ##.## #.#.###
#.≈≈≈### ##@C≈≈≈#
#≈≈§############
#§§§.#.........###
#####Y...........##
#.....###.......#
#.....##......#...
#.......#.[)....#...
#........##.)...##...
##........##).###...#


You could see a frost giant (extremely poisoned) and a yak (wandering).

Vanquished Creatures
  Gastronok (Lair:1)
  A two-headed ogre (D:7)
  Amaemon (D:9)
  A black mamba (Lair:1)
  A cane toad (Lair:1)
  An orange demon (D:9)
  3 komodo dragons
  A troll (Orc:1)
  2 polar bears (IceCv)
  Prince Ribbit (D:6)
  A hornet (D:9)
  Sigmund (D:6)
  3 wyverns
  6 yaks
  Menkaure (D:6)
  4 wargs
  2 water moccasins
  4 orc warriors
  A sky beast (D:6)
  An ice beast (D:6)
  2 black bears
  2 ogres
  2 wolves (IceCv)
  4 centaurs
  3 phantoms
  3 kobold brigands
  3 necrophages (D:4)
  3 bullfrogs
  2 gnoll sergeants (D:8)
  A scorpion (D:7)
  6 wights
  5 killer bees (D:9)
  4 howler monkeys
  8 orc priests
  3 hounds
  3 jellies
  A human zombie (D:4)
  A gnoll bouda (D:6)
  4 iguanas
  A scorpion zombie (D:4)
  11 orc wizards
  A hound zombie (D:4)
  2 mummies (D:4)
  23 gnolls
  7 adders
  A shadow imp (D:6)
  4 white imps
  3 adder zombies (D:4)
  2 worms (D:3)
  3 dart slugs
  41 orcs
  2 bats
  9 endoplasms
  3 giant cockroaches
  11 goblins
  8 hobgoblins
  18 kobolds
  A quokka (D:2)
  8 ball pythons
  6 frilled lizards
  6 rats
268 creatures vanquished.

Notes
Turn   | Place    | Note
-------+----------+-------------------------------------------
     0 | D:1      | Nonny the Merfolk Gladiator began the quest for the Orb.
     0 | D:1      | Reached XP level 1. HP: 16/16 MP: 1/1
    22 | D:1      | +0 robe of willpower north of start
    45 | D:1      | +4 ring of protection also north of start
   140 | D:1      | Reached XP level 2. HP: 22/22 MP: 2/2
   304 | D:1      | Found a faded altar of an unknown god.
   365 | D:1      | Reached skill level 1 in Stealth
   393 | D:1      | Reached XP level 3. HP: 25/27 MP: 3/3
   592 | D:1      | Starting vault: hair on the screen
   631 | D:3      | +2 buckler of positive energy
   992 | D:3      | Reached skill level 5 in Short Blades
   992 | D:3      | Reached XP level 4. HP: 22/33 MP: 4/4
  1171 | D:4      | Found a sacrificial altar of Ru.
  1182 | D:4      | Became a worshipper of Ru the Awakened
  1221 | D:4      | Found a hide-covered altar of Uskayaw.
  1335 | D:4      | Reached skill level 5 in Dodging
  1335 | D:4      | Reached XP level 5. HP: 27/38 MP: 5/5
  1555 | D:4      | Found a staircase to the Ecumenical Temple.
  1570 | Temple   | Entered the Ecumenical Temple
  1589 | Temple   | Fell from the grace of Ru
  1589 | Temple   | Became a worshipper of Zin the Law-Giver
  1589 | Temple   | Reached * piety under Zin
  1704 | D:4      | Reached XP level 6. HP: 39/44 MP: 6/6
  1913 | D:4      | Reached skill level 1 in Shields
  2346 | D:2      | Found Naniotit's Book Boutique.
  2678 | D:2      | Identified the +6 dagger of the Lusting Vulture {freeze,
                  | Dex+2 Stlth+}
  2954 | D:2      | Reached XP level 7. HP: 41/51 MP: 7/7
  3690 | D:4      | Reached skill level 6 in Dodging
  3713 | D:4      | Reached ** piety under Zin
  3724 | D:4      | Found a basalt altar of Yredelemnul.
  3753 | D:4      | Reached skill level 1 in Invocations
  3904 | D:5      | Entered Level 5 of the Dungeon
  3939 | D:5      | Reached XP level 8. HP: 58/58 MP: 8/8
  4020 | D:5      | Found an ornate altar of the Wu Jian Council.
  4187 | D:5      | Reached skill level 7 in Dodging
  4248 | D:5      | Found a runed translucent door.
  4249 | D:5      | Noticed Okkudo's ghost (novice HOMo)
  4647 | D:6      | Noticed Sigmund
  4659 | D:6      | Killed Sigmund
  4699 | D:5      | D:6 uphatch possibly viable for orbrun.
  4845 | D:6      | Reached skill level 8 in Dodging
  4886 | D:6      | Found a stormy altar of Qazlal.
  5122 | D:6      | Reached XP level 9. HP: 65/65 MP: 11/11
  5362 | D:6      | Noticed Prince Ribbit
  5364 | D:6      | Killed Prince Ribbit
  5365 | D:6      | Reached skill level 10 in Short Blades
  5376 | D:6      | Noticed Menkaure
  5385 | D:6      | Killed Menkaure
  5487 | D:6      | Found Otuokot's Jewellery Shop.
  5663 | D:7      | Noticed a two-headed ogre
  5931 | D:7      | Reached skill level 9 in Dodging
  5971 | D:7      | Killed a two-headed ogre
  5972 | D:7      | Reached skill level 5 in Fighting
  5980 | D:7      | Reached skill level 5 in Invocations
  6027 | D:7      | Reached *** piety under Zin
  6139 | D:7      | Reached XP level 10. HP: 70/74 MP: 14/14
  6615 | D:7      | Reached skill level 10 in Dodging
  7148 | D:8      | Reached **** piety under Zin
  7451 | D:8      | Found a staircase to the Lair.
  8265 | Lair:1   | Entered Level 1 of the Lair of Beasts
  8300 | Lair:1   | Reached skill level 11 in Dodging
  8448 | Lair:1   | Noticed Gastronok
  8452 | Lair:1   | Noticed a black mamba
  8458 | Lair:1   | Killed Gastronok
  8458 | Lair:1   | Killed a black mamba
  8459 | Lair:1   | Reached XP level 11. HP: 46/84 MP: 15/17
  8732 | Lair:1   | Reached skill level 12 in Dodging
  8740 | Lair:1   | Noticed Fannar
  9420 | D:9      | Found a white marble altar of Elyvilon.
  9631 | D:9      | Reached ***** piety under Zin
  9638 | D:9      | Noticed Amaemon
  9669 | D:9      | Killed Amaemon
  9735 | D:9      | Found a staircase to the Orcish Mines.
  9768 | D:9      | Reached skill level 13 in Dodging
 10046 | D:9      | Reached skill level 10 in Invocations
 10135 | Orc:1    | Entered Level 1 of the Orcish Mines
 10239 | Orc:1    | Noticed an orc knight
 10296 | Orc:1    | Noticed an orc sorcerer
 10326 | Orc:1    | Found a frozen archway.
 10334 | Orc:1    | Ice cave north of start
 10335 | IceCv    | Entered an ice cave
 10382 | IceCv    | Noticed a death yak
 10411 | IceCv    | Noticed a death yak
 10668 | IceCv    | manual of ice magic
 10708 | IceCv    | Noticed a frost giant
 10819 | IceCv    | Demolished by a frost giant

Illustrated notes #... ##.... # # ..=... .#.. .......######.... ................. ..#............. .........)...... # #....@........... #.. #.........###..... #...##†.....###...#.... ...........#.......#.. ..........#(........# ..........#.........# . .........#..........#.# .........#...........# .........#....#......# Turn 22 on D:1: +0 robe of willpower north of start ###### #....# #######....# # # #..........# .#.. ........@..######.... ..................... ###....#............. ##..........)...... #...##....[........... #... #.........###.... #...##†.....###...#... ...........#.......#.. ..........#(........# Turn 45 on D:1: +4 ring of protection also north of start

...##...##.........###.....>#
...##...##......###...#.....#
...#...........#.......#....#
...#..........#.........#...#
...#..........#.........#...#
...#.........#..........#.#.#
...#.........#...........#..#
..##.........#....#......#..#
..##.........#..@.#......#..#
..............#..#.......#..#
##...#####....#....#.....#..#
##......##.....#..#......#..#
.###.)..##......##.......#..#
........##...............#..#
........##..............#...#
........##..............#...#
........##..................#


Turn 592 on D:1: Starting vault: hair on the screen ##.....## ##.......##
#......[..# +.........+ #.........# #......?# #.>...# #.@.# ##'## #.# #.#
######<#### #......[..# #.##......# ........#.# #........... Turn 631 on D:3: +2
buckler of positive energy #.# #8?+...# #.##...## #.# #.W#...# #....#..# #.#
#####..# #.###...# #.#########.## ###8###.## #...........# ##8...8##..
###########.####.......##. #...#8..._...8#. #################.......##.
#######.........@.# ##8...8###. .............####.# ###.### #. ...)..#.####.#
#.# #.## #. #####...# #.# #.##### #..# ## ##### #.####.....#####.#####
#..).................. ###################### Turn 4699 on D:5: D:6 uphatch
possibly viable for orbrun. .... . #.....# ...o ###......# #.#{# ##........##
....#####....##....### ...o.#.##...###.o..$.### ....#....#.##..o#{.....#
#....#..o....oo#o#...... #....#....##.#o@o# #.........#..#o#...#
##.............#.....# ##.#.........#.......... #...#.......######.##...
#...#........# ##.... ..# ........##...###.#.##... #.#.......$..#..$.####.##
##......##.......####...# Turn 10334 on Orc:1: Ice cave north of start #########
........### ..........## ###.......## ##$$....#...# #.[)$$..#...# ##.)..@##...#
##))###...## ### ...### ....# ...### ## Turn 10668 on IceCv: manual of ice magic

Levels and vault maps discovered:
D:1:      dpeg_arrival_solitude, layout_basic,
          shapermc_ecumenical_altar_mp_urbaneastern
D:2:      cheibrodos_pilgrimage, layout_basic, serial_shops,
          nicolae_book_shop_shelving, serial_bayou_crossing
D:3:      layout_loops_corners
D:4:      minmay_chambers_of_threes, layout_loops_ring,
          lemuel_mausoleum_altar_yredelemnul, marbit_many_paths,
          nicolae_ru_awakened_eye, minmay_temple_entry_ruins
D:5:      layout_loops_ring, nzn_wu_jian_council_hall, gammafunk_ghost_grave
D:6:      layout_cave_pods, nicolae_qazlal_beasts_of_the_sky, serial_shops,
          kennysheep_mini_moat, uniq_sigmund, uniq_prince_ribbit1, uniq_menkaure
D:7:      kennysheep_big_flooded_room, layout_loops_ring, minmay_small_thing
D:8:      layout_gridville, erik_lair_orcish_takeover, minivault_19
D:9:      layout_loops_ring, elyvilon_altar_1, orc_0_dummy,
          kennysheep_generic_room_14, uniq_amaemon
Temple:   compressed_dpeg_triangle_lava_temple
Lair:1:   layout_loops_ring, uniq_gastronok, uniq_fannar
Orc:1:    layout_caves, portal_ice_cave_entry_pillars_2
IceCv:    ice_cave_small_giant

Skill      XL: |  1  2  3  4  5  6  7  8  9 10 11 |
---------------+----------------------------------+-----
Short Blades   | 4 5 6 7 8 9 11 | 11.0
Stealth        | 1 2 3 |  3.0
Dodging        | 5 6 8 9 11 13 | 13.8
Shields        | 1 2 3 |  3.0
Invocations    | 1 2 5 9 10 | 10.4
Fighting       | 3 4 5 7 8 |  8.3
Throwing       | |  2.0

Action                     |  1- 3 |  4- 6 |  7- 9 | 10-12 || total
---------------------------+-------+-------+-------+-------++-------
  Melee: Rapier            |   106 |   233 |     2 |    79 ||   420
         Tailslap          |       |     2 |       |     7 ||     9
         Dagger            |       |       |   241 |   414 ||   655
  Throw: Throwing net      |     2 |     4 |     2 |       ||     8
         Javelin           |       |     1 |     1 |    12 ||    14
         Dart              |       |       |    11 |     7 ||    18
         Stone             |       |       |       |     2 ||     2
 Invoke: Recite            |       |     2 |     9 |    17 ||    28
         Vitalisation      |       |       |       |     2 ||     2
  Evoke: Wand              |       |     3 |     1 |     5 ||     9
    Use: Scroll            |     3 |     6 |     7 |    11 ||    27
         Potion            |       |     3 |     2 |     4 ||     9
   Stab: Sleeping          |     2 |     4 |    22 |     5 ||    33
         Distracted        |       |     1 |       |       ||     1
         Held in net/web   |       |       |     2 |       ||     2
         Invisible         |       |       |     1 |     3 ||     4
         Confused          |       |       |       |     8 ||     8
         Paralysed         |       |       |       |     3 ||     3
 Armour: Robe              |    24 |    58 |    29 |    48 ||   159
         Skin              |       |     2 |     2 |       ||     4
  Dodge: Dodged            |    51 |   133 |    86 |   258 ||   528
  Block: Buckler           |     7 |    71 |    44 |   147 ||   269
